Map: Tourmaline LE

Players

Ragnarok (SHIN)

  • Race: Zerg Zerg
  • League: Master

인공지능 칸 (아주 쉬움) - Winner!

  • Race: Terran Terran

VOD

Have the link to the VOD?

Description

Time

  • Played on: May 24, 2026, 11:08 a.m.
  • Length: 6:45
Show
View Real Time Build Order
Export as new Build Order

Ragnarok Zerg 

Build Orders: Hatch First 

Get SALT Encoding   

  12  0:00  Drone  
  13  0:08  Drone  
  14  0:16  Overlord  
  14  0:34  Drone x2  
  16  0:47  Hatchery  
  16  0:48  Drone  
  16  0:52  Drone  
  16  0:57  Drone  
  18  1:07  Extractor  
  17  1:12  Spawning Pool  
  17  1:13  Drone  
  17  1:18  Drone  
  18  1:29  Drone  
  19  1:39  Drone  
  20  1:50  Drone  
  21  1:59  Queen x2  
  21  2:00  Zergling x2, Overlord  
  26  2:11  Drone x2, Metabolic Boost  
  28  2:20  Drone  
  28  2:22  Drone  
  30  2:33  Hatchery  
  30  2:34  Zergling x2  
  30  2:40  Drone  
  30  2:42  Drone  
  32  2:47  Baneling Nest  
  31  2:52  Overlord  
  31  2:55  Drone x2  
  33  3:06  Drone  
  33  3:08  Zergling x4  
  33  3:11  Zergling x2  
  37  3:13  Drone x4  
  37  3:19  Queen  
  41  3:23  Overlord  
  41  3:26  Drone  
  44  3:30  Baneling  
  44  3:36  Roach Warren  
  44  3:38  Drone  
  44  3:43  Drone x4  
  44  3:44  Drone  
  44  3:47  Drone x2  
  51  3:53  Overlord  
  51  3:56  Extractor  
  51  3:57  Overlord  
  51  3:59  Drone x2  
  51  4:00  Drone  
  52  4:07  Evolution Chamber  
  52  4:09  Drone x3  
  54  4:16  Lair  
  55  4:17  Drone x2  
  55  4:21  Drone x3  
  59  4:24  Extractor  
  59  4:29  Drone x3  
  61  4:32  Roach x2  
  61  4:33  Roach  
  61  4:35  Zerg Missile Weapons Level 1  
  67  4:38  Drone x2  
  67  4:40  Drone  
  67  4:43  Drone  
  71  4:48  Overlord  
  71  4:52  Drone x2  
  73  4:54  Extractor x2  
  73  4:55  Overlord  
  71  5:02  Pneumatized Carapace  
  71  5:06  Drone x3  
  71  5:07  Drone x2  
  76  5:08  Roach x3  
  82  5:16  Extractor, Glial Reconstitution  
  82  5:17  Evolution Chamber  
  82  5:19  Drone x4  
  82  5:21  Overseer  
  84  5:23  Drone, Roach  
  84  5:24  Drone, Roach  
  84  5:26  Overlord  
  90  5:33  Overlord  
  90  5:40  Overlord  
  90  5:43  Overlord  
  90  5:44  Overlord  
  90  5:46  Hatchery  
  89  5:50  Drone  
  89  5:55  Roach x4  
  97  6:01  Drone, Hydralisk Den  
  97  6:02  Drone  
  97  6:03  Drone  
  99  6:04  Infestation Pit  
  99  6:07  Roach x2  
  99  6:08  Roach  
  104  6:15  Drone x4  
  110  6:18  Roach x3  
  110  6:24  Overlord  
  114  6:26  Roach x3  
Show
View Real Time Build Order
Export as new Build Order

인공지능 칸 (아주 쉬움) Terran - Winner!

Build Orders:  

Get SALT Encoding   

  12  0:00  SCV  
  13  0:13  SCV  
  14  0:19  Supply Depot  
  14  0:36  Refinery  
  14  0:43  Barracks  
  14  1:03  Supply Depot  
  14  1:12  Refinery  
  14  1:29  SCV  
  14  1:31  Marine  
  16  1:41  SCV  
  17  1:53  SCV  
  18  2:02  Marine  
  18  2:05  SCV  
  20  2:17  SCV  
  21  2:29  SCV  
  22  2:34  Marine  
  23  2:42  Orbital Command  
  23  4:33  SCV  
  23  5:44  Marine, SCV  
  23  5:45  Supply Depot  
  23  5:48  Factory  
  25  6:07  SCV  
  25  6:11  Supply Depot  
  26  6:16  Marine  
  24  6:19  SCV  
  25  6:31  SCV  
  26  6:35  Starport, Barracks Tech Lab  
  26  6:44  Command Center  
Tags
 
League
Master
Matchup
TvZ
Player
SHIN
Add a new tag
Caveats
  • Supply blocks, unpowered buildings, or Contaminate may cause inaccurate times.
  • Supply counts are checked every 10 seconds.